 Dungeon Crawl Stone Soup version 0.28-a0-863-g8cecda6153 (webtiles) character file.

Game seed: 944883512816270061

34 siradein the Skirmisher (level 3, 0/33 HPs)
             Began as a Hill Orc Fighter on Nov 19, 2021.
             Splashed by a jelly's acid (7 damage)
             ... on level 2 of the Dungeon.
             The game lasted 00:03:22 (1212 turns).

siradein the Skirmisher (Hill Orc Fighter)          Turns: 1212, Time: 00:03:23

Health: 0/33       AC:  1    Str: 19    XL:     3   Next: 31%
Magic:  3/3        EV:  7    Int:  8    God:
Gold:   60         SH:  4    Dex: 10    Spells: 2/2 levels left

rFire   . . .      SeeInvis .   a - +0 war axe
rCold   . . .      Faith    .   c - +0 buckler
rNeg    . . .      Spirit   .   g - +0 chain mail
rPois   .          Reflect  .   (no helmet)
rElec   .          Harm     .   (no cloak)
rCorr   .          Rampage  .   (no gloves)
Will    .....                   (no boots)
Stlth   ..........              (no amulet)
HPRegen 0.11/turn               (no ring)
MPRegen 0.08/turn               (no ring)

@: corroded
A: no striking features
a: no special abilities


You were on level 2 of the Dungeon.
You visited 1 branch of the dungeon, and saw 2 of its levels.

You collected 60 gold pieces.

Inventory:

Hand Weapons
 a - a +0 war axe (weapon)
Missiles
 e - 41 stones (quivered)
Armour
 c - a +0 buckler (worn)
 g - a +0 chain mail (worn)
Scrolls
 b - a scroll of identify {unknown}
Potions
 d - a potion of might
 f - a potion of haste {unknown}


   Skills:
 + Level 4.0 Fighting
 + Level 3.3 Axes
 + Level 3.7 Armour
 + Level 3.7 Shields


You had 2 spell levels left.
You didn't know any spells.
Your spell library was empty.

Dungeon Overview and Level Annotations

Branches:
Dungeon (2/15)

Altars:


Message History

No target in view!
HP restored.
e - 41 stones (gained 3)
You see here a +0 dagger.
Things that are here:
a +0 dagger; a goblin corpse
Things that are here:
a +0 dagger; a quokka corpse You see here a +0 dagger.
A bat comes into view.
The bat hits you but does no damage.
You closely miss the bat. The bat hits you but does no damage.
The bat closely misses you. You block the bat's attack.
Found a tower shield.
The bat hits you but does no damage. The bat hits you but does no damage.
You see here 18 stones.
The bat hits you but does no damage.
You hit the bat.
You kill the bat!
No target in view!
No target in view!
A frilled lizard and a jelly come into view.
The frilled lizard hisses angrily.
The jelly quivers.
A rat comes into view.
Found a book of the Tundra.
The jelly barely misses you.
A worm comes into view.
Found a triangular sapphire amulet.
You block the frilled lizard's attack.
You barely miss the jelly. You closely miss the frilled lizard.
The jelly hits you. The acid corrodes you!
You are splashed with acid.
The frilled lizard bites you. The jelly hits you. The acid corrodes you!
You are splashed with acid!
The frilled lizard bites you.
* * * LOW HITPOINT WARNING * * *
The jelly hits you.
* * * LOW HITPOINT WARNING * * *
You are splashed with acid!
You die...

≈. #...# ##....#
≈^###..[#####.....#
≈.................#
..................#
..................#
..###...#####r....#
. #!..#
##....###### #.(.#
##Jl....... #...#
##@####### #...#
#.# #...# #.# ##.##
#.# ####.#######
#.. #...).<....#
### ###.#).#.###.#
......)#.#
###.##.#.#


You could see a jelly, a frilled lizard and a rat.

Vanquished Creatures
  3 endoplasms (D:1)
  4 giant cockroaches (D:1)
  3 goblins
  A hobgoblin (D:1)
  4 jackals (D:1)
  2 kobolds
  3 quokkas
  3 ball pythons (D:1)
  2 bats
  2 frilled lizards (D:1)
  2 rats (D:1)
29 creatures vanquished.

Notes
Turn   | Place    | Note
-------+----------+-------------------------------------------
     0 | D:1      | siradein the Hill Orc Fighter began the quest for the Orb.
     0 | D:1      | Reached XP level 1. HP: 19/19 MP: 1/1
   112 | D:1      | Reached XP level 2. HP: 27/27 MP: 2/2
   831 | D:1      | Reached skill level 4 in Fighting
   831 | D:1      | Reached XP level 3. HP: 33/33 MP: 3/3
  1212 | D:2      | Splashed by a jelly's acid

Illustrated notes

Levels and vault maps discovered:
D:1:      zelgadis_glass_arrival_small, layout_loops_ring, minmay_tall_x
D:2:      minmay_angry_zag, layout_loops_cross,
          dreamdust_ecumenical_altar_drowned_temple

Skill      XL: |  1  2 |
---------------+-------+-----
Axes           | 3 |  3.3
Fighting       | 4 |  4.0
Armour         | |  3.7
Shields        | |  3.7

Action                   || total
-------------------------++-------
Melee: War axe           ||    90
Armor: Scale mail        ||     6
       Chain mail        ||    47
Dodge: Dodged            ||    41
Block: Buckler           ||    21

Table legend: (Time is in decaauts)
 A = Elapsed time spent in this place.
 B = Non-inter-level travel time spent in this place.
 C = Inter-level travel time spent in this place.
 D = Time resting spent in this place.
 E = Time spent auto-exploring this place.
 F = Levels seen in this place.
 G = Mean time per level.
                   A        B        C        D        E       F      G
               +--------+--------+--------+--------+--------+-----+--------+
         Total |   1243 |   1231 |     12 |      0 |   1007 |   2 |  621.5 |
       Dungeon |   1243 |   1231 |     12 |      0 |   1007 |   2 |  621.5 |
               +--------+--------+--------+--------+--------+-----+--------+

Top non-repeatable levels by time:
     D:1: 1177 daAuts
     D:2: 66 daAuts
